 Dungeon Crawl Stone Soup version 0.25-a0-425-g0e000e855e (webtiles) character file.

Game seed: 10614850063899831337, levelgen mode: deterministic

1901 Nattfarinn the Stinger (level 9, 0/54 HPs)
             Began as a Gargoyle Venom Mage on Jan 24, 2020.
             Was a Follower of Uskayaw.
             Slain by a manticore (14 damage)
             ... on level 6 of the Dungeon.
             The game lasted 00:20:16 (7296 turns).

Nattfarinn the Stinger (Gargoyle Venom Mage)        Turns: 7296, Time: 00:20:17

Health: 0/54       AC: 12    Str: 13    XL:     9   Next: 15%
Magic:  10/14      EV: 12    Int: 18    God:    Uskayaw [*.....]
Gold:   457        SH:  0    Dex: 10    Spells: 7/15 levels left

rFire    . . .     SeeInvis .   G - +0 broad axe (curse)
rCold    . . .     Gourm    .   (no shield)
rNeg     + . .     Faith    .   a - +0 robe
rPois    ∞         Spirit   .   (no helmet)
rElec    +         Reflect  .   l - +1 cloak
rCorr    .         Harm     .   (no gloves)
MR       .....                  h - +0 pair of boots
Stlth    ++........             (no amulet)
HPRegen  0.18/turn              (no ring)
MPRegen  0.14/turn              (no ring)

@: no status effects
A: negative energy resistance 1, electricity resistance, unbreathing,
petrification resistance, rot immunity, AC +6
a: Stomp, Renounce Religion


You were on level 6 of the Dungeon.
You worshipped Uskayaw.
Uskayaw was noncommittal.
You were near starving.

You visited 1 branch of the dungeon, and saw 6 of its levels.

You collected 457 gold pieces.

Inventory:

Hand Weapons
 j - a +0 mace
 G - a cursed +0 broad axe (weapon)
Armour
 a - a +0 robe (worn)
 h - a +0 pair of boots (worn)
 i - a +0 cloak
 l - a +1 cloak (worn)
 s - a +0 buckler
 t - a +0 chain mail
Wands
 n - a wand of paralysis (17)
 q - a wand of disintegration (10)
 x - a wand of flame (16)
 y - a wand of random effects (15)
 B - a wand of acid (8)
Scrolls
 d - 2 scrolls of immolation
 e - 2 scrolls of teleportation
 g - 6 scrolls of identify
 k - 4 scrolls of enchant armour {unknown}
 o - 3 scrolls of fog {unknown}
 p - a scroll of blinking {unknown}
 u - a scroll of enchant weapon {unknown}
 v - 2 scrolls of magic mapping {unknown}
 D - a scroll of remove curse
 E - a scroll of amnesia {unknown}
 F - 2 scrolls of fear {unknown}
Potions
 b - 2 potions of degeneration {unknown}
 f - 2 potions of lignification {unknown}
 m - 2 potions of mutation {unknown}
 r - a potion of haste {unknown}
 w - a potion of agility
 z - a potion of flight {unknown}
 A - 2 potions of curing {unknown}
 C - 2 potions of might {unknown}
Comestibles
 c - 9 rations


   Skills:
 + Level 5.2 Fighting
 * Level 6.5 Armour
 - Level 1.5 Dodging
 - Level 2.1 Stealth
 - Level 3.5 Spellcasting
 - Level 0.7 Transmutations
 * Level 7.6 Poison Magic
 + Level 3.6 Invocations


You had 7 spell levels left.
You knew the following spells:

 Your Spells              Type           Power        Failure   Level  Hunger
a - Sting                 Tmut/Pois      ###.         2%          1    None
b - Ignite Poison         Fire/Tmut/Pois ##......     16%         3    ###....
c - Olgreb's Toxic Radia  Pois           ####....     7%          4    ####...

Your spell library contained the following spells:

 Spells                   Type           Power        Failure   Level  Hunger
 Poisonous Vapours        Pois/Air       ###...       4%          2    ##.....
 Mephitic Cloud           Conj/Pois/Air  ##......     16%         3    ###....


Dungeon Overview and Level Annotations

Branches:
Dungeon (6/15)
 Temple: D:4-7

Altars:
Ru
Uskayaw
Vehumet
Wu Jian

Shops:
D:5 =


Innate Abilities, Weirdness & Mutations

You are resistant to torment.
Your stone body is resilient. (AC +6)
You are immune to poison.
You resist negative energy. (rN+)
You are resistant to electric shocks. (rElec)
You can survive without breathing.
You are immune to petrification.
You are immune to rotting.


Message History

Press: ? - help, Shift-Dir - straight line, f/p - manticore
Aim: a manticore (lightly wounded, very poisoned)
The sting hits the manticore but does no damage.
The manticore looks as sick as possible!
The manticore is lightly wounded.
The manticore misses you. The manticore claws you!
The manticore claws you but does no damage.
You barely miss the manticore.
The manticore is lightly wounded.
The manticore barely misses you.
The manticore claws you but does no damage.
The manticore barely misses you.
You slash the manticore!
The manticore is moderately wounded.
The manticore bites you. The manticore claws you!
* * * LOW HITPOINT WARNING * * *
The manticore claws you.
* * * LOW HITPOINT WARNING * * *
The manticore bites you!
You die...

##..# ##...##....#### ..###
#..###.......########## ..###
#...###...............# ##..#
#...##................#
##).######......#......(.....>#
.......# ##....##.#############
######.# ##....##.# #
#.###....).#.# # #.##...##..@.#
## #..'..###..H.######### # .#
####...###...).......# ### ###
#...##............# ##.. ..#
##......#.........# ##... ⌠.#
##....##.........###.... ..#
##....##...............# ..#
##......#.##............. ⌠.##
#...##....##..........#.#


You could see a manticore.

Vanquished Creatures
  A basilisk (D:6)
  2 orc warriors (D:6)
  2 ice beasts (D:6)
  2 ogres
  3 centaurs (D:6)
  A big kobold (D:6)
  2 bullfrogs (D:6)
  2 scorpions
  A howler monkey (D:4)
  2 crimson imps
  An orc priest (D:5)
  3 orc wizards
  2 hounds
  2 iguanas
  Ijyb (D:3)
  7 worker ants
  A hound skeleton (D:6)
  A worker ant zombie (D:6)
  6 adders
  2 oozes
  An adder zombie (D:6)
  An adder skeleton (D:4)
  A worm (D:4)
  3 dart slugs
  3 leopard geckos
  5 orcs
  2 ball pythons
  8 bats
  6 giant cockroaches
  5 hobgoblins
  6 jackals
  2 quokkas
  3 frilled lizards
  3 goblins
  4 kobolds
  A leopard gecko skeleton (D:4)
  7 rats
105 creatures vanquished.

Notes
Turn   | Place    | Note
-------+----------+-------------------------------------------
     0 | D:1      | Nattfarinn the Gargoyle Venom Mage began the quest for the
                  | Orb.
     0 | D:1      | Reached XP level 1. HP: 10/10 MP: 3/3
   383 | D:1      | Reached XP level 2. HP: 12/16 MP: 3/5
  1341 | D:2      | Reached skill level 1 in Fighting
  1345 | D:2      | Reached skill level 1 in Armour
  1462 | D:2      | Reached XP level 3. HP: 6/20 MP: 1/6
  2084 | D:2      | Reached XP level 4. HP: 25/25 MP: 3/7
  2506 | D:3      | Reached skill level 4 in Poison Magic
  2506 | D:3      | Reached XP level 5. HP: 30/30 MP: 4/9
  2511 | D:3      | Learned a level 3 spell: Ignite Poison
  2516 | D:3      | Learned a level 4 spell: Olgreb's Toxic Radiance
  2607 | D:3      | Noticed Ijyb
  2627 | D:3      | Paralysed by Ijyb for 2 turns
  2631 | D:3      | Killed Ijyb
  2738 | D:3      | Found an ornate altar of the Wu Jian Council.
  3322 | D:4      | Reached XP level 6. HP: 36/36 MP: 7/10
  3351 | D:4      | Reached skill level 5 in Poison Magic
  3832 | D:4      | Found a hide-covered altar of Uskayaw.
  4011 | D:4      | Found a sacrificial altar of Ru.
  4017 | D:4      | Reached XP level 7. HP: 40/41 MP: 8/12
  4177 | D:4      | Became a worshipper of Uskayaw the Reveler
  4216 | D:5      | Entered Level 5 of the Dungeon
  4228 | D:5      | Reached * piety under Uskayaw
  4323 | D:5      | Reached ** piety under Uskayaw
  4449 | D:5      | Found a radiant altar of Vehumet.
  4477 | D:5      | Found Nuvoeh's Jewellery Boutique.
  5240 | D:6      | Reached skill level 1 in Invocations
  5502 | D:6      | Reached skill level 6 in Poison Magic
  5550 | D:6      | HP: 2/42 [centaur (5)]
  5552 | D:6      | Reached XP level 8. HP: 1/48 MP: 7/13
  5866 | D:6      | Reached *** piety under Uskayaw
  5867 | D:6      | Reached skill level 5 in Armour
  5867 | D:6      | Reached **** piety under Uskayaw
  5883 | D:6      | Reached ***** piety under Uskayaw
  6080 | D:6      | Noticed a manticore
  6094 | D:6      | Reached skill level 7 in Poison Magic
  6263 | D:6      | Reached XP level 9. HP: 28/53 MP: 3/14
  6423 | D:6      | Reached skill level 5 in Fighting
  7296 | D:6      | Slain by a manticore

Levels and vault maps discovered:
D:1:      saegor_arrival_miasma, layout_basic
D:2:      layout_loops_ring, first_ration
D:3:      layout_loops_corners, lemuel_doored_altar, uniq_ijyb
D:4:      layout_loops_ring, lemuel_round_altar,
          nicolae_ru_great_annihilating_truth, minmay_liquid_box
D:5:      layout_loops_cross, old_standard_altar, serial_shops, shop,
          st_stairs_6
D:6:      wad_guarded_room, layout_basic, hangedman_decor_peaks_small

Skill      XL: |  1  2  3  4  5  6  7  8  9 |
---------------+----------------------------+-----
Fighting       | 1 2 3 4 5 |  5.2
Armour         | 1 2 3 4 6 |  6.5
Poison Magic   | 4 5 6 7 |  7.6
Spellcasting   | 3 |  3.5
Invocations    | 1 3 |  3.6
Dodging        | |  1.5
Stealth        | |  2.1
Transmutations | |  0.7

Action                   |  1- 3 |  4- 6 |  7- 9 || total
-------------------------+-------+-------+-------++-------
Melee: Unarmed           |    32 |       |       ||    32
       Mace              |    55 |    79 |   239 ||   373
       Broad axe         |       |       |     7 ||     7
 Cast: Sting             |    29 |    35 |    88 ||   152
       Olgreb's Toxic Ra |       |     1 |     4 ||     5
       Ignite Poison     |       |       |     2 ||     2
Invok: Stomp             |       |       |     2 ||     2
  Use: Scroll            |       |     5 |     1 ||     6
       Potion            |       |       |     3 ||     3
 Stab: Sleeping          |     2 |     1 |     2 ||     5
       Paralysed         |       |       |     3 ||     3
  Eat: Chunk             |     4 |     6 |     8 ||    18
       Ration            |       |       |     1 ||     1
Armor: Robe              |    53 |    42 |   173 ||   268
Dodge: Dodged            |    90 |    77 |   210 ||   377

Table legend:
 A = Non-vault XP
 B = Vault XP
 C = Vault XP percentage of total XP
 D = Non-vault monster count
 E = Vault monster count
 F = Vault count percentage of total count
                 A         B        C        D         E       F
            +---------+---------+-------+---------+---------+-------
      Total |    1702 |    1015 |  37.4 |      87 |      18 |  17.1
            +---------+---------+-------+---------+---------+-------
        D:1 |      28 |       0 |   0.0 |      14 |       0 |   0.0
        D:2 |      58 |       0 |   0.0 |      21 |       0 |   0.0
        D:3 |     102 |      36 |  26.1 |      10 |       1 |   9.1
        D:4 |     358 |      48 |  11.8 |      15 |       4 |  21.1
        D:5 |     229 |       0 |   0.0 |      10 |       0 |   0.0
        D:6 |     927 |     931 |  50.1 |      17 |      13 |  43.3
            +---------+---------+-------+---------+---------+-------
